 Dungeon Crawl Stone Soup version 0.26-a0-667-g92642533e4 (webtiles) character file.

Game seed: 5242291706682984845

1054 Descartes the Frost Mage (level 8, -17/52 HPs)
             Began as a Barachi Ice Elementalist on Oct 16, 2020.
             Was a Believer of Cheibriados.
             Demolished by a two-headed ogre
             ... wielding a +0 giant club
              (21 damage)
             ... on level 5 of the Dungeon.
             The game lasted 00:14:09 (5807 turns).

Descartes the Frost Mage (Barachi Ice Elementalist) Turns: 5807, Time: 00:14:10

Health: -17/52     AC:  9    Str: 15    XL:     8   Next: 26%
Magic:  11/16      EV:  7    Int: 21    God:    Cheibriados [**....]
Gold:   227        SH:  6    Dex: 16    Spells: 13/17 levels left

rFire    x . .     SeeInvis .   u - +1 dagger
rCold    + . .     Faith    .   i - +1 buckler
rNeg     . . .     Spirit   .   v - +0 chain mail
rPois    .         Reflect  .   (no helmet)
rElec    .         Harm     .   (no cloak)
rCorr    .         Rampage  .   k - +0 pair of gloves
MR       .....                  (no boots)
Stlth    ..........             (no amulet)
HPRegen  0.17/turn              e - ring of ice
MPRegen  0.15/turn              (no ring)

@: brilliant, frozen ramparts, very slow
A: +LOS, swims, slowness 1, strong legs 1
a: Hop, Bend Time, Renounce Religion


You were on level 5 of the Dungeon.
You worshipped Cheibriados.
Cheibriados was pleased with you.
You visited 1 branch of the dungeon, and saw 5 of its levels.

You collected 227 gold pieces.

Inventory:

Hand Weapons
 u - a +1 dagger (weapon)
Missiles
 l - 147 arrows
 p - 12 poisoned darts (quivered)
 w - 2 curare-tipped darts
Armour
 a - a +0 robe
 i - a +1 buckler (worn)
 k - a +0 pair of gloves (worn)
 t - a +0 ring mail
 v - a +0 chain mail (worn)
Jewellery
 e - a ring of ice (left hand)
Scrolls
 b - 5 scrolls of teleportation
 c - 5 scrolls of identify
 d - 2 scrolls of enchant weapon
 f - a scroll of magic mapping
 h - a scroll of fear
 j - a scroll of noise
 n - a scroll of enchant armour
 q - a scroll of blinking {unknown}
 x - 2 scrolls of remove curse
Potions
 g - a potion of stabbing
 m - a potion of degeneration
 o - a potion of curing
 r - a potion of invisibility {unknown}
 s - 2 potions of brilliance


   Skills:
 - Level 2.1 Dodging
 - Level 1.7 Stealth
 - Level 4.0 Shields
 + Level 5.3 Spellcasting
 * Level 9.6 Ice Magic


You had 13 spell levels left.
You knew the following spells:

 Your Spells              Type           Power        Failure   Level
a - Freeze                Ice            ####         4%          1
b - Frozen Ramparts       Ice            ######       16%         3

Your spell library contained the following spells:

 Spells                   Type           Power        Failure   Level
 Ozocubu's Armour         Ice            #######.     16%         3
 Hailstorm                Conj/Ice       ######..     98%         4
 Summon Ice Beast         Ice/Summ       ######..     98%         4


Dungeon Overview and Level Annotations

Branches:
Dungeon (5/15)
 Temple: D:4-7

Altars:
Ashenzari
Cheibriados
Dithmenos
Kikubaaqudgha
Nemelex Xobeh
Zin


Innate Abilities, Weirdness & Mutations

You can be seen from farther away. (+LOS)
You can swim through water.
You cover ground slowly.
You can hop short distances.


Message History

You feel a strong surge of power!
You freeze the two-headed ogre.
The two-headed ogre is moderately wounded.
The wall freezes the two-headed ogre.
The two-headed ogre hits you but does no damage.
You block the two-headed ogre's attack.
Unknown command.
Casting: Freeze (safe; 4% risk of failure)
Confirm with . or Enter, or press ? or * to list all spells.
Aiming: Freeze (safe; 4% risk of failure)
Press: ? - help, Shift-Dir - straight line, f/p - two-headed ogre
Aim: a two-headed ogre, wielding a +0 giant club and a -2 giant club (heavily wounded)
You feel a strong surge of power!
You freeze the two-headed ogre.
The two-headed ogre is heavily wounded.
The wall freezes the two-headed ogre!
The two-headed ogre hits you with a +0 giant club!
* * * LOW HITPOINT WARNING * * *
You block the two-headed ogre's attack.
The wall freezes the two-headed ogre.
The wall freezes the two-headed ogre!
The two-headed ogre hits you with a +0 giant club!!
You die...

##### ...# ...# # ####..#
.#.#.#..# #.#.#...# ### #
#.#.#...# #####<.
#.#.#.#.#.#†########.....#
##....((.O@#..........#####
##...###.)........######
.........>##########
###....#### #... #.. ##


You could see a two-headed ogre.

Vanquished Creatures
  The ghost of tensugalgo the Shooter, an amateur BaHu of Okawaru (D:4)
  Edmund (D:3)
  An ogre (D:4)
  3 centaurs
  A big kobold (D:4)
  A scorpion (D:5)
  A howler monkey (D:4)
  2 orc wizards (D:3)
  An iguana (D:4)
  2 worker ants (D:4)
  3 adders
  An ufetubus (D:5)
  2 oozes
  An adder zombie (D:3)
  An adder skeleton (D:5)
  A worm (D:2)
  2 dart slugs (D:1)
  3 leopard geckos
  7 orcs
  2 ball pythons
  3 giant cockroaches
  5 goblins
  6 hobgoblins
  3 jackals
  2 quokkas
  7 bats
  5 frilled lizards
  A jackal skeleton (D:4)
  A jackal zombie (D:5)
  9 kobolds
  6 rats
85 creatures vanquished.

Notes
Turn   | Place    | Note
-------+----------+-------------------------------------------
     0 | D:1      | Descartes the Barachi Ice Elementalist began the quest for
                  | the Orb.
     0 | D:1      | Reached XP level 1. HP: 13/13 MP: 3/3
   289 | D:1      | Reached skill level 5 in Ice Magic
   339 | D:1      | Reached XP level 2. HP: 2/19 MP: 0/5
  1509 | D:2      | Reached XP level 3. HP: 24/24 MP: 3/6
  1728 | D:2      | Reached skill level 1 in Shields
  1733 | D:2      | Learned a level 3 spell: Frozen Ramparts
  2216 | D:2      | Reached XP level 4. HP: 30/30 MP: 3/8
  2506 | D:2      | Found a snail-covered altar of Cheibriados.
  2816 | D:2      | Became a worshipper of Cheibriados the Contemplative
  2869 | D:3      | Found a glowing silver altar of Zin.
  2871 | D:3      | Found a broken altar of Ashenzari.
  3464 | D:3      | Noticed a centaur
  3468 | D:3      | HP: 1/30 [centaur/arrow (9)]
  3475 | D:3      | Killed a centaur
  3475 | D:3      | Reached skill level 6 in Ice Magic
  3475 | D:3      | Reached XP level 5. HP: 19/35 MP: 2/9
  3793 | D:3      | Reached * piety under Cheibriados
  3808 | D:3      | Reached XP level 6. HP: 15/41 MP: 5/11
  4091 | D:3      | Found an ancient bone altar of Kikubaaqudgha.
  4319 | D:4      | Noticed Edmund
  4368 | D:3      | Killed Edmund
  4368 | D:3      | Reached skill level 7 in Ice Magic
  4904 | D:4      | Found a sparkling altar of Nemelex Xobeh.
  5034 | D:4      | Reached XP level 7. HP: 43/46 MP: 5/13
  5112 | D:4      | Reached skill level 8 in Ice Magic
  5258 | D:4      | Found a shadowy altar of Dithmenos.
  5301 | D:4      | Found a runed translucent gate.
  5301 | D:4      | Found a runed translucent gate.
  5302 | D:4      | Found a runed translucent gate.
  5303 | D:4      | Noticed tensugalgo's ghost (amateur BaHu)
  5318 | D:4      | Killed tensugalgo's ghost
  5488 | D:4      | Reached skill level 9 in Ice Magic
  5636 | D:5      | Entered Level 5 of the Dungeon
  5643 | D:5      | Reached ** piety under Cheibriados
  5643 | D:5      | Reached skill level 5 in Spellcasting
  5643 | D:5      | Reached XP level 8. HP: 46/52 MP: 7/15
  5797 | D:5      | Noticed a two-headed ogre
  5807 | D:5      | Demolished by a two-headed ogre

Illustrated notes

Levels and vault maps discovered:
D:1:      wander_arrival_lonely_grave, layout_basic
D:2:      minmay_inner_zag, layout_basic, lemuel_round_altar
D:3:      layout_basic, lemuel_coloured_pillars_altar,
          chequers_temple_overflow_statue_of_worship, small_statue_intersection,
          grunt_ministairs_9, nrook_loot_triangle
D:4:      layout_rooms, kennysheep_little_box, ebering_ghost_rock_garden,
          nicolae_dithmenos_the_darkroom, uniq_edmund
D:5:      layout_rooms, serial_undead, serial_undead_f, serial_undead_e,
          serial_undead_b, serial_undead_a, serial_shops, kennysheep_mini,
          minmay_manual_maat, uniq_ijyb

Skill      XL: |  1  2  3  4  5  6  7 |
---------------+----------------------+-----
Ice Magic      | 5 6 7 9 |  9.6
Shields        | 1 2 3 4 |  4.0
Spellcasting   | 3 4 5 |  5.3
Dodging        | |  2.1
Stealth        | |  1.7

Action                   |  1- 3 |  4- 6 |  7- 9 || total
-------------------------+-------+-------+-------++-------
Melee: Unarmed           |    20 |     1 |       ||    21
       Dagger            |       |    36 |     5 ||    41
 Cast: Freeze            |    46 |    61 |    26 ||   133
       Frozen Ramparts   |     2 |     5 |     4 ||    11
  Use: Potion            |       |     8 |     2 ||    10
       Scroll            |       |     8 |       ||     8
 Stab: Sleeping          |     1 |       |       ||     1
Armor: Robe              |    11 |     3 |       ||    14
       Ring mail         |       |     8 |       ||     8
       Chain mail        |       |    43 |    22 ||    65
Dodge: Dodged            |    31 |    59 |    17 ||   107
Block: Buckler           |       |    17 |    19 ||    36

Table legend: (Time is in decaauts)
 A = Elapsed time spent in this place.
 B = Non-inter-level travel time spent in this place.
 C = Inter-level travel time spent in this place.
 D = Time resting spent in this place.
 E = Time spent auto-exploring this place.
 F = Levels seen in this place.
 G = Mean time per level.
                   A        B        C        D        E       F      G
               +--------+--------+--------+--------+--------+-----+--------+
         Total |   6863 |   6473 |    390 |      0 |   5714 |   5 | 1372.6 |
       Dungeon |   6863 |   6473 |    390 |      0 |   5714 |   5 | 1372.6 |
               +--------+--------+--------+--------+--------+-----+--------+

Top non-repeatable levels by time:
     D:3: 2138 daAuts
     D:2: 1665 daAuts
     D:1: 1496 daAuts
     D:4: 1355 daAuts
     D:5: 207 daAuts
